 Dungeon Crawl Stone Soup version 0.21-a0-401-g0b6bec4 (webtiles) character file.

51 Ijustatesigmund the Grasshopper (level 3, -3/18 HPs)
             Began as a Spriggan Warper on Oct 25, 2017.
             Slain by an adder (4 damage)
             ... on level 2 of the Dungeon.
             The game lasted 00:07:01 (2325 turns).

Ijustatesigmund the Grasshopper (Spriggan Warper)   Turns: 2325, Time: 00:07:02

Health: -3/18      AC:  3    Str:  7    XL:     3   Next: 58%
Magic:  9/9        EV: 24    Int: 15    God:
Gold:   47         SH:  0    Dex: 20    Spells: 7/9 levels left

rFire    + . .     SeeInvis +   a - +2 short sword
rCold    . . .     Gourm    .   (shield restricted)
rNeg     . . .     Faith    .   b - +0 robe
rPois    .         Spirit   .   (helmet restricted)
rElec    .         Reflect  .   i - +0 cloak
rCorr    .         Harm     .   (gloves unavailable)
MR       .....                  (boots unavailable)
Stlth    ++++......             (no amulet)
HPRegen  0.06/turn              (no ring)
MPRegen  0.11/turn              (no ring)

@: agile, lethally poisoned (-3 -> -9), hasted, very quick
A: unfitting armour, see invisible, fire resistance 1, herbivore 3, speed 3,
slow metabolism 2, wild magic 1
a: no special abilities


You were on level 2 of the Dungeon.
You were not hungry.

You visited 1 branch of the dungeon, and saw 3 of its levels.

You collected 47 gold pieces.

Inventory:

Hand Weapons
 a - a +2 short sword (weapon)
Missiles
 e - 5 tomahawks of dispersal (quivered)
Armour
 b - a +0 robe (worn)
 i - a +0 cloak (worn)
Scrolls
 d - 2 scrolls of blinking
Books
 c - a book of Spatial Translocations

   Spells                             Type                      Level
   a - Blink                          Translocation                2
   b - Shroud of Golubria             Charms/Translocation         2
   c - Lesser Beckoning               Translocation                3
   d - Gell's Gravitas                Translocation                3
   e - Teleport Other                 Translocation                3
   f - Passage of Golubria            Translocation                4
Comestibles
 f - 4 bread rations


   Skills:
 - Level 1.5 Fighting
 + Level 3.1 Short Blades
 - Level 1.0 Throwing
 - Level 3.5 Dodging
 + Level 2.9 Stealth
 + Level 3.6 Spellcasting
 - Level 4.4 Translocations


You had 7 spell levels left.
You knew the following spells:

 Your Spells              Type           Power        Failure   Level  Hunger
a - Blink                 Tloc           N/A          8%          2    ##.....


Dungeon Overview and Level Annotations

Branches:
Dungeon (3/15)

Altars:


Innate Abilities, Weirdness & Mutations

You are very small and have problems with some larger weapons.
You are too small for most types of armour.
You have supernaturally acute eyesight. (SInv)
You are a herbivore.
You cover ground extremely quickly.
You need consume almost no food.
Your flesh is heat resistant. (rF+)
Your spells are a little harder to cast, but a little more powerful.


Message History

* * * LOW HITPOINT WARNING * * *
You feel sick. The bat completely misses you.
* * * LOW HITPOINT WARNING * * *
You feel sick.
You see here a rat corpse.
You hit the bat.
The bat is severely wounded.
The bat hits you but does no damage.
You closely miss the bat.
The bat is severely wounded.
The bat barely misses you.
You closely miss the bat.
The bat is severely wounded.
The bat misses you.
You hit the bat.
You kill the bat!
* * * LOW HITPOINT WARNING * * *
You feel sick. The adder bites you.
You die...

##.....................#....
##........##............#
#........##........†####
#......?S...........#
#...........##.#..###
.......##.##....##...# #.#
................####.### .(#
###..#######..S.## ...##.[#
#.# #..@†.# #.#..# ...
##.>..# #.#..# .# ###..##
#....# #...# ##....#
#...###....# #.......#..#
#....#...###..#####.
#.##......##........ #
####........#.###


You could see an adder.

Vanquished Creatures
  An ooze (D:1)
  A leopard gecko (D:1)
  7 bats
  7 giant cockroaches
  5 goblins
  6 hobgoblins
  4 frilled lizards
  4 kobolds (D:1)
  8 rats
43 creatures vanquished.

Notes
Turn   | Place    | Note
-------+----------+-------------------------------------------
     0 | D:1      | Ijustatesigmund the Spriggan Warper began the quest for the Orb.
     0 | D:1      | Reached XP level 1. HP: 10/10 MP: 5/5
   128 | D:1      | Reached skill level 1 in Stealth
   518 | D:1      | Reached XP level 2. HP: 13/14 MP: 7/7
   522 | D:1      | Learned a level 2 spell: Blink
  1236 | D:1      | Reached XP level 3. HP: 18/18 MP: 8/8
  2314 | D:2      | Gained mutation: Your flesh is heat resistant. (rF+) [potion of mutation]
  2314 | D:2      | Gained mutation: Your spells are a little harder to cast, but a little more powerful. [potion of mutation]
  2325 | D:2      | Slain by an adder

Vault maps used:
D:1:      dpeg_arrival_fog
D:3:      first_bread, uniq_crazy_yiuf_cottage, uniq_ijyb, uniq_robin

Skill      XL: |  1  2  3 |
---------------+----------+-----
Stealth        | 1 2 |  2.9
Spellcasting   | 3 |  3.6
Short Blades   | 3 |  3.1
Fighting       | |  1.5
Throwing       | |  1.0
Dodging        | |  3.5
Translocations | |  4.4

Action                   || total
-------------------------++-------
Melee: Short sword       ||   152
  Use: Scroll            ||     2
       Potion            ||     3
 Stab: Sleeping          ||     4
Armor: Robe              ||    34
Dodge: Dodged            ||   184

Table legend:
 A = Spawn XP
 B = Non-spawn XP
 C = Spawn XP percentage of total XP
 D = Spawn monster count
 E = Non-spawn monster count
 F = Spawn count percentage of total count
 G = Total turns spent on level
                    A         B        C        D         E        F      G
               +---------+---------+-------+---------+---------+-------+---------
         Total |       0 |      74 |   0.0 |       0 |      43 |   0.0 |  2325
               +---------+---------+-------+---------+---------+-------+---------
           D:1 |       0 |      56 |   0.0 |       0 |      31 |   0.0 |  1728
           D:2 |       0 |      16 |   0.0 |       0 |      11 |   0.0 |   426
           D:3 |       0 |       2 |   0.0 |       0 |       1 |   0.0 |   171
               +---------+---------+-------+---------+---------+-------+---------
